 Dungeon Crawl Stone Soup version 0.16-a0-286-g6bac339 (webtiles) character file.

1362 Kashira the Cloud Mage (level 8, -2/43 HPs)
             Began as a Tengu Air Elementalist on Aug 28, 2014.
             Was a Follower of Qazlal.
             Shot with an arrow by a centaur (7 damage)
             ... on Level 6 of the Dungeon.
             The game lasted 00:36:10 (7046 turns).

Kashira the Cloud Mage (Tengu Air Elementalist)     Turns: 7046, Time: 00:36:10

HP  -2/43        AC  4     Str  9      XL: 8   Next: 64%
MP  22/22        EV 13     Int 17      God: Qazlal [*.....]
Gold 336         SH  1     Dex 15      Spells:  3 memorised, 10 levels left

rFire  x . .     SeeInvis .     l - +0 dagger (pain)
rCold  + . .     Clarity  .     a - +0 robe
rNeg   . . .     rCorr    .     (no shield)
rPois  .         rRot     .     (helmet restricted)
rElec  .         Spirit   .     p - +1 cloak
SustAb .         Warding  .     (no gloves)
rMut   +         Stasis   .     (boots unavailable)
Gourm  .                        v - amulet of resist mutation
MR     .....                    i - ring of ice
                                (no ring)

@: very slightly contaminated, hasted, very quick, not resistant to hostile
enchantments, unstealthy
A: able to fly, beak, talons 3
a: Fly, Renounce Religion


You were on level 6 of the Dungeon.
You worshipped Qazlal.
Qazlal was aware of your devotion.
You were not hungry.

You visited 2 branches of the dungeon, and saw 7 of its levels.

You collected 336 gold pieces.

Inventory:

Hand weapons
 d - a +0 dagger
 l - a +0 dagger of pain (weapon)
Missiles
 f - 9 tomahawks (quivered)
 x - 24 poisoned needles
Armour
 a - a +0 robe (worn)
 p - a +1 cloak (worn)
Magical devices
 r - a wand of confusion (10) {unknown}
Comestibles
 c - 2 bread rations
 g - 3 meat rations
 j - 3 beef jerkies
 C - a royal jelly
Scrolls
 e - 3 scrolls of identify
 m - a scroll of immolation
 o - a scroll of magic mapping
 y - 3 scrolls of remove curse
 A - a scroll of enchant armour
Jewellery
 i - a ring of ice (right hand)
 v - an amulet of resist mutation (around neck)
 z - an uncursed ring of stealth {unknown}
 D - the ring "Stiralon" {Dex+4 Stlth+, unknown}
   (You found it on level 4 of the Dungeon)

   [ring of stealth]

   It affects your dexterity (+4).
   It makes you more stealthy.
 E - an uncursed amulet of rage {unknown}
Potions
 h - a potion of porridge
 k - a potion of poison {unknown}
 n - 2 potions of haste
 q - 2 potions of brilliance {unknown}
 s - a potion of cancellation
 t - a potion of mutation {unknown}
 u - 2 potions of curing {unknown}
 B - a potion of restore abilities {unknown}
Books
 b - a book of Air

   Spells                             Type                      Level
   *Shock                             Conjuration/Air              1
   *Swiftness                         Charms/Air                   2
   Repel Missiles                     Charms/Air                   2
   Flight                             Charms/Air                   3
   Static Discharge                   Conjuration/Air              3
   *Lightning Bolt                    Conjuration/Air              5


   Skills:
 + Level 1.0 Fighting
 + Level 0.4 Short Blades
 + Level 3.2 Dodging
 + Level 3.3 Stealth
 + Level 5.9 Spellcasting
 + Level 6.3 Conjurations
 + Level 8.3 Air Magic


You had 10 spell levels left.
You knew the following spells:

 Your Spells              Type           Power        Failure   Level  Hunger
a - Shock                 Conj/Air       ####         1%          1    None
b - Swiftness             Chrm/Air       ###.....     3%          2    None
c - Lightning Bolt        Conj/Air       ####......   21%         5    #####..


Dungeon Overview and Level Annotations

Branches:
Dungeon (6/15)             Temple (1/1) D:5

Altars:
Ashenzari
Fedhas
Kikubaaqudgha
Makhleb
Okawaru
Qazlal
Trog
Vehumet
Xom
Yredelemnul
The Shining One

Annotations:
D:4 Blork the orc
D:5 Eustachio


Innate Abilities, Weirdness & Mutations

You can fly.
You have a beak for a mouth.
You have claws for feet.


Message History

Okay, then.
Press: ? - help, v - describe, . - travel
Here: a centaur, wielding a shortbow of flaming The floor.
Drink which item? (? for menu, Esc to quit)
You feel yourself speed up.
The centaur shoots an arrow.
The arrow closely misses you.
The centaur shoots an arrow.
The arrow hits you! The arrow burns you.
* * * LOW HITPOINT WARNING * * *
x2 You are very lightly contaminated with residual magic.
An orc comes into view. It is wielding a runed dagger.
Things that are here:
a whip; a leather armour; an orc corpse
Things that are here:
a flail; a leather armour; an orc skeleton The centaur shoots an arrow.
The arrow barely misses you.
There is a stone staircase leading up here.
You see here an arrow.
The centaur shoots an arrow.
The arrow hits you!
You die...

#...<..# ##.##
######## #.# #.# #.#
#.# #.# #####.####
#........# #.###.##@#
#.##..)..#
#........#####
#..#.........# ###
#.c......P.P.. ..#
##.#####........._..#
#.#
#............##.P.P..
#.#
##.######.##.##......
... #.# #.......####
#.#


You could see a centaur.

Vanquished Creatures
  A hippogriff (D:5)
  The ghost of tehnar the Ruffian, an average VSMo (D:4)
  A phantom (D:5)
  A centaur (D:5)
  2 ogres
  A giant frog (D:6)
  A scorpion (D:4)
  2 vampire bats (D:5)
  A goliath beetle (D:6)
  2 hounds (D:6)
  3 orc priests
  A jelly (D:5)
  An orc wizard (D:4)
  2 worker ants
  3 ogre skeletons
  4 adders
  4 gnolls (D:3)
  An orc skeleton (D:6)
  2 giant mites
  6 worms
  An adder skeleton (D:6)
  A giant gecko (D:2)
  2 oozes
  8 orcs
  A ball python (D:5)
  3 bat skeletons (D:5)
  2 bat zombies (D:5)
  3 giant cockroaches
  11 goblins
  11 hobgoblins
  4 jackals (D:1)
  12 kobolds
  4 quokkas
  12 bats
  6 giant newts
  A goblin zombie (D:5)
  A jackal skeleton (D:6)
  A kobold skeleton (D:3)
  A kobold zombie (D:6)
  12 rats
  A rat skeleton (D:5)
138 creatures vanquished.

Notes
Turn   | Place    | Note
--------------------------------------------------------------
     0 | D:1      | Kashira, the Tengu Air Elementalist, began the quest for the Orb.
     0 | D:1      | Reached XP level 1. HP: 10/10 MP: 3/3
   305 | D:1      | Reached XP level 2. HP: 10/15 MP: 1/5
   734 | D:1      | Reached XP level 3. HP: 19/19 MP: 0/7
  1082 | D:2      | Found a shattered altar of Ashenzari.
  1560 | D:2      | Reached XP level 4. HP: 24/24 MP: 1/9
  2040 | D:3      | Reached skill level 5 in Air Magic
  2240 | D:3      | Found a bloodstained altar of Trog.
  2517 | D:3      | Reached XP level 5. HP: 28/28 MP: 4/12
  3298 | D:4      | Noticed Blork the orc
  3480 | D:4      | Noticed an ogre
  3488 | D:4      | Killed an ogre
  3488 | D:4      | Reached XP level 6. HP: 33/33 MP: 4/15
  3592 | D:4      | Reached skill level 6 in Air Magic
  3652 | D:4      | Noticed tehnar's ghost (average VSMo)
  3702 | D:5      | Entered Level 5 of the Dungeon
  3713 | D:5      | Noticed a hippogriff
  4096 | D:5      | Reached XP level 7. HP: 20/37 MP: 9/18
  4476 | D:4      | Got a smoking turquoise ring
  4540 | D:4      | HP: 1/37 [tehnar's ghost (2)]
  4542 | D:4      | Killed tehnar's ghost
  4542 | D:4      | Reached skill level 7 in Air Magic
  4943 | D:6      | Found a blossoming altar of Fedhas.
  4970 | D:5      | Found a staircase to the Ecumenical Temple.
  5021 | D:5      | Reached skill level 5 in Conjurations
  5301 | D:4      | Reached skill level 1 in Fighting
  5442 | D:4      | Reached XP level 8. HP: 30/43 MP: 13/21
  5583 | D:5      | Killed a hippogriff
  5583 | D:5      | Reached skill level 5 in Spellcasting
  5595 | Temple   | Entered the Ecumenical Temple
  5682 | Temple   | Became a worshipper of Qazlal Stormbringer
  5948 | D:5      | Found an ancient bone altar of Kikubaaqudgha.
  5953 | D:5      | Reached skill level 8 in Air Magic
  6018 | D:5      | Noticed Eustachio
  6118 | D:6      | Found an iron altar of Okawaru.
  6362 | D:6      | Learned a level 2 spell: Swiftness
  6368 | D:6      | Learned a level 5 spell: Lightning Bolt
  6484 | D:6      | Acquired Qazlal's first power
  7007 | D:6      | HP: 2/43 [centaur/arrow (6)]
  7046 | D:6      | Shot with an arrow by a centaur

Action                   |  1- 3 |  4- 6 |  7- 9 || total
-------------------------+-------+-------+-------++-------
Melee: Dagger            |    21 |    13 |     1 ||    35
 Cast: Shock             |    77 |   155 |   183 ||   415
  Use: Scroll            |     1 |     6 |     2 ||     9
       Potion            |       |       |     4 ||     4
  Eat: Chunk             |     2 |     8 |     6 ||    16
       Bread ration      |       |       |     1 ||     1
